 Dungeon Crawl Stone Soup version 0.31.0-11-ge490571c62 (webtiles) character file.

Game seed: 5503447317090898358

48 qw the Shooter (level 3, -1/20 HPs)
             Began as a Deep Elf Hunter on Feb 3, 2024.
             Killed from afar by an orc wizard (8 damage)
             ... with a puff of flame
             ... on level 3 of the Dungeon.
             The game lasted 00:00:05 (1618 turns).

qw the Shooter (Deep Elf Hunter)                    Turns: 1618, Time: 00:00:05

Health: -1/20      AC:  3    Str: 10    XL:     3   Next: 50%
Magic:  5/5        EV: 12    Int: 13    God:
Gold:   93         SH:  0    Dex: 18    Spells: 2/2 levels left

rFire   . . .        a - +0 shortbow
rCold   . . .        (shield currently unavailable)
rNeg    . . .        c - +0 leather armour
rPois   +            (no helmet)
rElec   .            (no cloak)
rCorr   .            (no gloves)
SInv    .            (no boots)
Will    .....        (no amulet)
Stlth   ++           i - ring of poison resistance
HPRegen 0.23/turn    (no ring)
MPRegen 0.09/turn

%: no passive effects
@: no status effects
A: no striking features
a: no special abilities


You were on level 3 of the Dungeon.
You visited 1 branch of the dungeon, and saw 3 of its levels.

You collected 93 gold pieces.


   Skills:
 - Level 1.5 Fighting
 + Level 7.0 Ranged Weapons
 - Level 2.4 Dodging
 - Level 1.2 Stealth


You had 2 spell levels left.
You didn't know any spells.
Your spell library was empty.

Inventory:

Hand Weapons
 a - a +0 shortbow (weapon)
Armour
 c - a +0 leather armour (worn)
 e - a +2 ring mail of willpower
Jewellery
 f - a +6 ring of strength
 i - a ring of poison resistance (left hand)
Scrolls
 b - a scroll of enchant armour
 d - a scroll of fog {unknown}
 h - a scroll of immolation {unknown}
Potions
 g - 2 potions of mutation
 j - a potion of attraction {unknown}
 k - a potion of might

Dungeon Overview and Level Annotations

Branches:
Dungeon (3/15)

Altars:

Annotations:
D:3 1 transporter


Message History

An endoplasm comes into view.
You shoot an arrow. The endoplasm quivers.
The arrow hits the endoplasm!
You kill the endoplasm!
There is a transporter landing site here.
You open the door.
There is an open door here.
Found a stone staircase leading down.
h - a scroll labelled OLUAVIF LOOL An orc wizard is nearby!
You shoot an arrow. The arrow hits the orc wizard.
The orc wizard is moderately wounded.
A rat comes into view.
The orc wizard closely misses you.
You shoot an arrow.
The arrow closely misses the orc wizard.
You shoot an arrow. The arrow hits the orc wizard.
The orc wizard is heavily wounded.
The orc wizard closely misses you. The orc hits you with a +0 hand axe.
You shoot an arrow. The arrow hits the orc wizard.
The orc wizard is almost dead.
The orc wizard barely misses you. The orc misses you.
You shoot an arrow. The arrow barely misses the orc wizard.
The orc wizard hits you but does no damage.
The orc barely misses you.
You shoot an arrow.
The arrow hits the orc wizard but does no damage.
The orc wizard is severely wounded.
The orc wizard hits you with a +0 dagger.
The orc completely misses you.
You shoot an arrow.
The arrow hits the orc wizard but does no damage.
The orc wizard is severely wounded.
The orc wizard hits you with a +0 dagger.
The orc hits you with a +0 hand axe!
You shoot an arrow. The arrow misses the orc wizard.
The orc wizard casts a spell at you. The puff of flame hits you!
You die...

##### #...#
#...# #...####
### #......#
...>####@o....#
.......r#o....#
###.....'.....#
#.###.#.....# #
#.#.....+ #.
#.#.....## #.
#.###....# #.
#.###'##.# #.
#.##.....#


You could see an orc wizard, an orc and a rat.

Vanquished Creatures
  An adder (D:2)
  5 orcs (D:3)
  7 endoplasms
  2 giant cockroaches (D:1)
  4 hobgoblins (D:1)
  4 ball pythons
  3 bats
  2 frilled lizards (D:1)
  A goblin (D:1)
  3 rats
32 creatures vanquished.

Notes
Turn   | Place    | Note
-------+----------+-------------------------------------------
     0 | D:1      | qw the Deep Elf Hunter began the quest for the Orb.
     0 | D:1      | Reached XP level 1. HP: 12/12 MP: 3/3
     0 | D:1      | 0 ||| qw: Version: 0.3-a-158-g18b3111
     0 | D:1      | 0 ||| qw: Game counter: 4247
     0 | D:1      | 0 ||| qw: Melee chars always use a shield: true
     0 | D:1      | 0 ||| qw: God list: Okawaru
     0 | D:1      | 0 ||| qw: Allow faded altars: false
     0 | D:1      | 0 ||| qw: Do Orc after clearing Dungeon:15 true
     0 | D:1      | 0 ||| qw: Do second Lair branch before Depths: true
     0 | D:1      | 0 ||| qw: Lair rune preference: random
     0 | D:1      | 0 ||| qw: Goals: Normal
     0 | D:1      | 0 ||| PLANNING D:1-11
   247 | D:1      | Reached XP level 2. HP: 16/16 MP: 4/4
   284 | D:1      | Reached skill level 6 in Ranged Weapons
   662 | D:1      | 662 ||| UPGRADING to ring of poison resistance.
   663 | D:1      | 663 ||| READING 2 scrolls labelled WOITSU FAIPH.
   666 | D:1      | 666 ||| READING scroll labelled ITOLU OXTOFF.
   666 | D:1      | 666 ||| IDENTIFYING viscous brown potion
   667 | D:1      | 667 ||| DRINKING 2 murky brown potions.
   668 | D:1      | 668 ||| DROPPING scroll of butterflies.
   669 | D:1      | 669 ||| DROPPING potion of magic.
   943 | D:2      | Reached XP level 3. HP: 11/20 MP: 5/5
  1311 | D:2      | 1311 ||| DROPPING +6 ring of intelligence.
  1312 | D:2      | 1312 ||| READING scroll of identify.
  1312 | D:2      | 1312 ||| IDENTIFYING glowing green potion
  1313 | D:2      | 1313 ||| READING 2 scrolls labelled DUSMAVO QECOXT.
  1313 | D:2      | 1313 ||| ENCHANTING +0 shortbow.
  1314 | D:2      | 1314 ||| READING 2 scrolls labelled MOCUTI AMYPHU.
  1353 | D:2      | 1353 ||| READING scroll labelled WERUMILEDD.
  1354 | D:2      | 1354 ||| READING scroll labelled MOUNOE IFAOS FANO.
  1355 | D:2      | 1355 ||| DRINKING 2 cyan potions.
  1356 | D:2      | 1356 ||| DROPPING scroll of torment.
  1368 | D:3      | 1368 ||| RETREEEEATING.
  1369 | D:3      | 1369 ||| RETREEEEATING.
  1371 | D:3      | HP: 5/20 [orc/+0 trident (7)]
  1371 | D:3      | HP: 1/20 [orc wizard/+0 dagger (4)]
  1372 | D:3      | 1372 ||| READING scroll of teleportation.
  1373 | D:3      | 1373 ||| DRINKING potion of heal wounds.
  1374 | D:3      | 1374 ||| RETREEEEATING.
  1375 | D:3      | 1375 ||| RETREEEEATING.
  1458 | D:3      | Found a faded altar of an unknown god.
  1541 | D:3      | Reached skill level 7 in Ranged Weapons
  1579 | D:3      | Found a transporter.
  1618 | D:3      | Killed from afar by an orc wizard

Levels and vault maps discovered:
D:1:      dpeg_arrival_castle, layout_loops_cross
D:2:      layout_loops_ring
D:3:      gammafunk_steamed_eel, layout_basic, nzn_wu_jian_contemplation,
          amcnicky_altar_gilded, shapermc_ecumenical_altar_venn

Skill      XL: |  1  2  3 |
---------------+----------+-----
Ranged Weapons | 6 7 |  7.0
Fighting       | |  1.5
Dodging        | |  2.4
Stealth        | |  1.2

Action                     || total
---------------------------++-------
   Fire: Shortbow          ||    99
    Use: Scroll            ||     8
         Potion            ||     3
 Armour: Leather armour    ||    33
  Dodge: Dodged            ||    34

Table legend:
 A = Non-vault XP
 B = Vault XP
 C = Vault XP percentage of total XP
 D = Non-vault monster count
 E = Vault monster count
 F = Vault count percentage of total count
                 A         B        C        D         E       F
            +---------+---------+-------+---------+---------+-------
      Total |      69 |       0 |   0.0 |      32 |       0 |   0.0
            +---------+---------+-------+---------+---------+-------
        D:1 |      27 |       0 |   0.0 |      17 |       0 |   0.0
        D:2 |      21 |       0 |   0.0 |       6 |       0 |   0.0
        D:3 |      21 |       0 |   0.0 |       9 |       0 |   0.0
            +---------+---------+-------+---------+---------+-------
